 Dungeon Crawl Stone Soup version 0.28-a0-1613-gdaab1c2f9b (webtiles) character file.

Game seed: 15627292123107498186

222 testman the Magician (level 6, -6/46 HPs)
             Began as a Djinni Hedge Wizard on Jan 21, 2022.
             Was an Initiate of Gozag.
             Mangled by a hornet zombie (11 damage)
             ... on level 4 of the Dungeon.
             The game lasted 00:14:37 (3063 turns).

testman the Magician (Djinni Hedge Wizard)          Turns: 3063, Time: 00:14:38

Health: -6/46      AC:  2    Str:  9    XL:     6   Next: 19%
Gold:   135        EV: 12    Int: 18    God:    Gozag SH:  0 Dex: 12

rFire   + . .      SeeInvis .   a - +0 dagger
rCold   . . .      Faith    .   (no shield)
rNeg    . . .      Spirit   .   b - +0 robe
rPois   ∞          Reflect  .   c - +0 hat
rElec   .          Harm     .   (no cloak)
rCorr   .          Rampage  .   (no gloves)
Will    .....                   (boots unavailable)
Stlth   ++........              (no amulet)
HPRegen 0.15/turn               p - ring of ice
MPRegen 0.00/turn               (no ring)

@: flying
A: sickness immunity, fire resistance 2, cold vulnerability 1, float, innate
caster, hp casting, extra vitality 1
a: Renounce Religion, Potion Petition, Call Merchant, Bribe Branch


You were on level 4 of the Dungeon.
You worshipped Gozag.
Gozag was aware of your devotion.
You visited 1 branch of the dungeon, and saw 4 of its levels.

You collected 135 gold pieces.

Inventory:

Hand Weapons
 a - a +0 dagger (weapon)
Missiles
 j - 43 stones
 n - 5 atropa-tipped darts
Armour
 b - a +0 robe (worn)
 c - a +0 hat (worn)
Jewellery
 p - a ring of ice (left hand)
Scrolls
 g - a scroll of summoning {unknown}
 h - a scroll of silence {unknown}
 i - a scroll of immolation {unknown}
 k - 4 scrolls of magic mapping {unknown}
 l - a scroll of identify {unknown}
 q - a scroll of teleportation {unknown}
Potions
 d - a potion of might {unknown}
 e - a potion of haste {unknown}
 f - a potion of ambrosia {unknown}
 m - 3 potions of curing {unknown}
 o - a potion of invisibility {unknown}
 r - a potion of magic {unknown}
 s - a potion of mutation {unknown}


   Skills:
 + Level 3.4 Fighting
 - Level 2.1 Dodging
 - Level 1.5 Stealth
 + Level 4.1 Spellcasting


You couldn't memorise any spells.
You knew the following spells:

 Your Spells              Type           Power      Damage    Failure   Level
a - Magic Dart            Conj           72%        1d6       2%          1
b - Blink                 Tloc           36%        N/A       4%          2
c - Call Imp              Summ           18%        N/A       4%          2
d - Slow                  Hex            72%        N/A       2%          1
e - Conjure Flame         Conj/Fire      18%        6-21      9%          3
f - Mephitic Cloud        Conj/Pois/Air  18%        N/A       9%          3
g - Shock                 Conj/Air       72%        1d7       2%          1
h - Static Discharge      Conj/Air       18%        N/A       4%          2
Your spell library was empty.

Dungeon Overview and Level Annotations

Branches:
Dungeon (4/15)
 Temple: D:4-7

Altars:
Ashenzari
Gozag

Shops:
D:1 =

Annotations:
D:4 1 transporter, badtown22's ghost, amateur FeFi


Innate Abilities, Weirdness & Mutations

You are immune to sickness and miasma.
You are immune to poison.
Your flesh is very heat resistant. (rF++)
You are vulnerable to cold. (rC-)
You float through the air rather than walking.
You learn spells naturally, not from books.
Your magical power is your life essence.
You have superior vitality. (+4 MHP)


Message History

Press: ? - help, Q - select action, (/) - cycle Shift-Dir - straight line, f/p - hornet zombie
Aim: a hornet zombie (75% to hit)
The zap misses the hornet zombie.
Aiming: Shock (safe; 2% risk of failure)
Press: ? - help, Q - select action, (/) - cycle Shift-Dir - straight line, f/p - hornet zombie
Aim: a hornet zombie (75% to hit)
The zap hits the hornet zombie.
The hornet zombie is lightly damaged.
Aiming: Shock (safe; 2% risk of failure)
Press: ? - help, Q - select action, (/) - cycle Shift-Dir - straight line, f/p - hornet zombie
Aim: a hornet zombie (lightly damaged, 75% to hit)
The zap hits the hornet zombie.
The hornet zombie is lightly damaged.
Aiming: Shock (safe; 2% risk of failure)
Press: ? - help, Q - select action, (/) - cycle Shift-Dir - straight line, f/p - hornet zombie
Aim: a hornet zombie (lightly damaged, 75% to hit)
The zap hits the hornet zombie.
The hornet zombie is lightly damaged.
The zap hits the hornet zombie.
The hornet zombie is moderately damaged.
Aiming: Shock (safe; 2% risk of failure)
Press: ? - help, Q - select action, (/) - cycle Shift-Dir - straight line, f/p - hornet zombie
Aim: a hornet zombie (moderately damaged, 75% to hit)
Okay, then.
Casting: Shock (safe; 2% risk of failure)
Confirm with . or Enter, or press ? or * to list all spells.
The hornet zombie is struck by an arc of lightning.
The hornet zombie is heavily damaged.
You are struck by an arc of lightning.
The lightning grounds out.
The hornet zombie closely misses you.
Casting: Static Discharge (safe; 4% risk of failure)
Confirm with . or Enter, or press ? or * to list all spells.
The hornet zombie is struck by an arc of lightning.
The hornet zombie is heavily damaged.
You are struck by an arc of lightning.
The lightning grounds out.
The hornet zombie hits you!
* * * LOW HITPOINT WARNING * * *
The hornet zombie hits you!
You die...
Your body crumbles into a pile of gold.

#.###.###.##
##....## ##.#
#....<.###.##
##..#.#.#.#########
.....#.#...........
#####
#.##.######.###
####.##.####.....##
.............###..#
........###@.###..
#####.....#Z.###..#
..wg##..#.#...#...#
.#.S8#..#.##.$#...#
..#gW#..#.# .._ ..#
$ .?...#..#.# ..#$
.# ©....#©...#
..#.$ # $
.....#....# .###..
..#..#..#.#


You could see a hornet zombie.

Vanquished Creatures
  An orc priest (D:4)
  Terence (D:2)
  An orc wizard (D:4)
  2 adders
  6 gnolls (D:3)
  3 dart slugs
  3 orcs
  9 ball pythons
  4 endoplasms (D:1)
  3 giant cockroaches
  5 goblins
  3 hobgoblins
  2 jackals (D:3)
  6 kobolds
  3 quokkas
  2 bats
  5 rats
59 creatures vanquished.

Vanquished Creatures (others)
  6 fungi (D:3)
  5 plants (D:3)
11 creatures vanquished.

Grand Total: 70 creatures vanquished

Notes
Turn   | Place    | Note
-------+----------+-------------------------------------------
     0 | D:1      | testman the Djinni Hedge Wizard began the quest for the
                  | Orb.
     0 | D:1      | Reached XP level 1. HP: 15/15 MP: 0/0
   144 | D:1      | Found Aneilair's Jewellery Shoppe.
   397 | D:1      | Reached XP level 2. HP: 19/21 MP: 0/0
   609 | D:1      | Reached skill level 3 in Spellcasting
   917 | D:2      | Reached XP level 3. HP: 23/26 MP: 0/0
   917 | D:2      | Learned a level 1 spell: Shock
  1135 | D:2      | Reached skill level 1 in Fighting
  1165 | D:2      | Noticed Terence
  1177 | D:2      | Killed Terence
  1178 | D:2      | Reached XP level 4. HP: 14/32 MP: 0/0
  2021 | D:3      | Reached XP level 5. HP: 34/39 MP: 0/0
  2021 | D:3      | Learned a level 2 spell: Static Discharge
  2725 | D:3      | Found a faded altar of an unknown god.
  2728 | D:3      | Prayed at the altar of an unknown god.
  2728 | D:3      | Became a worshipper of Gozag Ym Sagoz the Greedy
  3008 | D:4      | Found a transporter.
  3008 | D:4      | Noticed badtown22's ghost (amateur FeFi)
  3020 | D:4      | Found a broken altar of Ashenzari.
  3028 | D:4      | Reached skill level 4 in Spellcasting
  3028 | D:4      | Reached XP level 6. HP: 25/46 MP: 0/0
  3063 | D:4      | Mangled by a hornet zombie

Illustrated notes

Levels and vault maps discovered:
D:1:      amcnicky_arrival_choice, layout_rooms, serial_shops, shop_statue
D:2:      layout_loops_ring, minmay_misc_feat_iff, uniq_terence
D:3:      layout_loops_ring, shapermc_ecumenical_altar_mp_urbaneastern,
          hangedman_abyss_or_decor_stabs
D:4:      minmay_bubble_buster, layout_loops_ring, cheibrodos_ashenzari_chains,
          gammafunk_ghost_arena, uniq_pikel

Skill      XL: |  1  2  3  4  5 |
---------------+----------------+-----
Spellcasting   | 3 4 |  4.1
Fighting       | 1 2 3 |  3.4
Dodging        | |  2.1
Stealth        | |  1.5

Action                   |  1- 3 |  4- 6 || total
-------------------------+-------+-------++-------
Melee: Dagger            |     2 |     2 ||     4
       Punch             |     1 |       ||     1
 Cast: Magic Dart        |    35 |       ||    35
       Shock             |    17 |    89 ||   106
       Static Discharge  |       |     2 ||     2
Armor: Robe              |       |     1 ||     1
Dodge: Dodged            |     7 |     9 ||    16

Table legend: (Time is in decaauts)
 A = Elapsed time spent in this place.
 B = Non-inter-level travel time spent in this place.
 C = Inter-level travel time spent in this place.
 D = Time resting spent in this place.
 E = Time spent auto-exploring this place.
 F = Levels seen in this place.
 G = Mean time per level.
                   A        B        C        D        E       F      G
               +--------+--------+--------+--------+--------+-----+--------+
         Total |   3061 |   2940 |    121 |    830 |   1798 |   4 |  765.2 |
       Dungeon |   3061 |   2940 |    121 |    830 |   1798 |   4 |  765.2 |
               +--------+--------+--------+--------+--------+-----+--------+

Top non-repeatable levels by time:
     D:3: 1154 daAuts
     D:2: 965 daAuts
     D:1: 874 daAuts
     D:4: 67 daAuts
